 Dungeon Crawl Stone Soup version 0.23.2-40-g277498a001 (webtiles) character file.

Game seed: 5944611576214250948

24 DildoBatman the Magician (level 3, -1/24 HPs)
             Began as a Formicid Wizard on Sept 16, 2019.
             Slain by an iguana (13 damage)
             ... on level 3 of the Dungeon.
             The game lasted 00:04:32 (1986 turns).

DildoBatman the Magician (Formicid Wizard)          Turns: 1986, Time: 00:04:33

Health: -1/24      AC:  2    Str: 11    XL:     3   Next: 15%
Magic:  7/7        EV: 12    Int: 18    God:
Gold:   114        SH:  0    Dex:  9    Spells: 1/8 levels left

rFire    . . .     SeeInvis +   a - +0 quarterstaff
rCold    . . .     Gourm    .   (no shield)
rNeg     . . .     Faith    .   n - +0 robe
rPois    .         Spirit   .   (helmet unavailable)
rElec    .         Reflect  .   (no cloak)
rCorr    .         Harm     .   (no gloves)
MR       .....                  d - -1 pair of boots (curse)
Stlth    ++........             (no amulet)
HPRegen  0.08/turn              (no ring)
MPRegen  0.10/turn              (no ring)

@: no status effects
A: permanent stasis, dig shafts and tunnels, four strong arms, antennae 3
a: Dig, Shaft Self


You were on level 3 of the Dungeon.
You were hungry.

You visited 1 branch of the dungeon, and saw 3 of its levels.

You collected 114 gold pieces.

Inventory:

Hand Weapons
 a - a +0 quarterstaff (weapon)
Missiles
 e - 11 arrows
 f - 77 stones (quivered)
 m - 24 bolts
Armour
 d - a cursed -1 pair of boots (worn)
 n - a +0 robe (worn)
Scrolls
 b - a scroll of random uselessness {unknown}
 c - 2 scrolls of teleportation {unknown}
 g - 3 scrolls of remove curse {unknown}
 h - 2 scrolls of identify {unknown}
 l - 2 scrolls of amnesia {unknown}
 o - a scroll of fog {unknown}
 q - a scroll of noise {unknown}
Potions
 i - a potion of berserk rage {unknown}
 j - 2 potions of degeneration {unknown}
 k - 2 potions of brilliance {unknown}
Comestibles
 p - a chunk of flesh
 v - 3 rations


   Skills:
 - Level 1.7 Dodging
 - Level 2.4 Stealth
 - Level 3.2 Spellcasting
 * Level 2.5 Conjurations
   Level 1.0 Summonings
   Level 0.8 Translocations


You had one spell level left.
You knew the following spells:

 Your Spells              Type           Power        Failure   Level  Hunger
a - Conjure Flame         Conj/Fire      #.......     28%         3    ###....
c - Magic Dart            Conj           ##..         5%          1    None
e - Mephitic Cloud        Conj/Pois/Air  #.......     32%         3    ###....

Your spell library contained the following spells:

 Spells                   Type           Power        Failure   Level  Hunger
 Call Imp                 Summ           #.......     16%         2    ##.....
 Slow                     Hex            #.......     24%         2    ##.....
 Blink                    Tloc           Unusable     N/A         2    N/A

Dungeon Overview and Level Annotations

Branches:
Dungeon (3/15)

Altars:

Annotations:
D:1 1 exclusion
D:3 Grinder


Innate Abilities, Weirdness & Mutations

You cannot be hasted, slowed, berserked, paralysed or teleported.
You can dig through walls and to a lower floor.
Your four strong arms can wield two-handed weapons with a shield.
You have a pair of large antennae on your head. (SInv)


Message History

A goblin comes into view.
You hear a zap.
You hear a grinding noise.
A hound comes into view.
A frilled lizard comes into view.
The frilled lizard hisses angrily.
An orc comes into view. It is wielding a +0 dagger.
The orc shouts!
You are feeling hungry.
You hear the rusting of a drain nearby.
You hear a zap.
You hear a grinding noise.
The iguana hisses angrily.
You hear a zap.
You hear a grinding noise.
The iguana bites you!
Ouch! That really hurt!
The iguana bites you!
Ouch! That really hurt!
You die...

{..# #.# ##.....## #.##.#.#
#.{.###.##### ##...##
#.##.#.# ##..........# ##+##
#......# ......#.###.# #.#
####.### ###(....# #.# #l#
{#.##.5###.# ##.## #.#
##....o{...# ##<))## #.#
#...#.##.### #.....# #.#
o....#.#.#o#####@..########.#
....##.....g....l...........#
...# ###.###.####.###########
..# ##.# #.# .# ## #.# # #.#
#.# ### {


You could see an iguana and a goblin.

Vanquished Creatures
  A giant cockroach (D:1)
  3 goblins
  6 hobgoblins
  2 kobolds
  4 bats
  A frilled lizard (D:2)
  5 rats (D:1)
22 creatures vanquished.

Notes
Turn   | Place    | Note
-------+----------+-------------------------------------------
     0 | D:1      | DildoBatman the Formicid Wizard began the quest for the
                  | Orb.
     0 | D:1      | Reached XP level 1. HP: 13/13 MP: 4/4
   136 | D:1      | Reached skill level 1 in Conjurations
   289 | D:1      | Reached XP level 2. HP: 11/19 MP: 0/6
  1638 | D:2      | Reached XP level 3. HP: 24/24 MP: 7/7
  1646 | D:2      | Learned a level 3 spell: Conjure Flame
  1650 | D:2      | Learned a level 3 spell: Mephitic Cloud
  1958 | D:3      | Noticed Grinder
  1986 | D:3      | Slain by an iguana

Skill      XL: |  1  2 |
---------------+-------+-----
Conjurations   | 1 2 |  2.5
Dodging        | |  1.7
Stealth        | |  2.4
Spellcasting   | |  3.2
Summonings     | |  1.0
Translocations | |  0.8

Action                   || total
-------------------------++-------
Melee: Club              ||    20
       Unarmed           ||     1
       Quarterstaff      ||    10
 Cast: Magic Dart        ||    47
 Abil: Dig               ||     1
 Stab: Sleeping          ||     1
  Eat: Chunk             ||     3
Armor: Robe              ||    10
Dodge: Dodged            ||    32
